 Dungeon Crawl Stone Soup version 0.30-a0-778-g2ef04afb54 (console) character file.

Game seed: 9435055447514272134

642 rlgrobin the Cleaver (level 8, -1/63 HPs)
             Began as a Meteoran Fighter on Feb 16, 2023.
             Was an Initiate of Makhleb.
             Slain by a wolf (3 damage)
             ... led by Grum
             ... on level 8 of the Dungeon.
             The game lasted 00:05:04 (894 turns).

rlgrobin the Cleaver (Meteoran Fighter)              Turns: 894, Time: 00:05:05

Health: -1/63      AC: 10    Str: 26    XL:     8   Next: 8%
Magic:  9/9        EV:  9    Int: 10    God:    Makhleb [......]
Gold:   114        SH:  5    Dex: 13    Spells: 7/7 levels left

rFire   . . .      SeeInvis .    a - +0 war axe
rCold   . . .      Faith    .    c - +0 buckler
rNeg    . . .      Spirit   .    b - +0 scale mail
rPois   .          Reflect  .    (no helmet)
rElec   .          Harm     .    (no cloak)
rCorr   .          Rampage  .    (no gloves)
Will    +....                    (no boots) Stlth
                                 (no amulet)
HPRegen 0.30/turn                m - +4 ring of protection
MPRegen 0.11/turn                n - +6 ring of strength

@: flying, glowing
A: sense surroundings 1, otherworldly, glowing, explore regen
a: Renounce Religion


You were on level 8 of the Dungeon.
You worshipped Makhleb.
Makhleb was noncommittal.
You visited 2 branches of the dungeon, and saw 9 of its levels.

You collected 114 gold pieces.

Inventory:

Hand Weapons
 a - a +0 war axe (weapon)
Armour
 b - a +0 scale mail (worn)
 c - a +0 buckler (worn)
Jewellery
 m - a +4 ring of protection (left hand)
 n - a +6 ring of strength (right hand)
Wands
 q - a wand of roots (7)
Scrolls
 f - 2 scrolls of teleportation {unknown}
 g - a scroll of enchant weapon {unknown}
 h - a scroll of blinking {unknown}
 j - 4 scrolls of identify {unknown}
 l - a scroll of vulnerability {unknown}
Potions
 d - a potion of might
 i - a potion of degeneration {unknown}
 k - a potion of attraction
 o - a potion of heal wounds {unknown}
 p - a potion of brilliance {unknown}
 r - a potion of lignification {unknown}


   Skills:
 - Level 3.2 Fighting
 + Level 9.8 Axes
 - Level 3.6 Armour
 - Level 3.6 Shields


You had 7 spell levels left.
You didn't know any spells.
Your spell library was empty.

Dungeon Overview and Level Annotations

Branches:
Dungeon (8/15) Zot: 3912   Temple (1/1) D:5 Zot: 551
   Lair: D:8-11

Altars:
Ashenzari
Elyvilon
Hepliaklqana
Makhleb
Ru
Uskayaw
Xom
Zin

Shops:
D:1 *

Annotations:
D:8 1 transporter, st0uf2x's ghost, novice DrTm


Innate Abilities, Weirdness & Mutations

You passively map a small area around you.
You are easily found by Zot.
You glow in the dark.
You regain HP and MP as you explore.


Message History

A wolf comes into view. x2
You barely miss the steam dragon.
The steam dragon is almost dead.
The steam dragon bites you! You block the steam dragon's attack.
You closely miss the steam dragon.
The steam dragon is almost dead.
The steam dragon breathes steam at you. The ball of steam hits you.
You hear a howl!
You barely miss the steam dragon.
The steam dragon is almost dead.
You are engulfed in a cloud of scalding steam.
The steam dragon bites you.
The steam dragon claws you but does no damage.
You barely miss the steam dragon.
The steam dragon is almost dead.
You hit the wolf.
You are engulfed in a cloud of scalding steam.
The wolf bites you. x2; The steam dragon bites you!
* * * LOW HITPOINT WARNING * * *
The steam dragon claws you.
* * * LOW HITPOINT WARNING * * *
The wolf attacks as you move away! The wolf bites you but does no damage.
You slash the steam dragon!
You kill the steam dragon!
Makhleb accepts your kill.
You hit the wolf.
The wolf is engulfed in a cloud of scalding steam.
The wolf bites you.
* * * LOW HITPOINT WARNING * * *
The wolf closely misses you.
The wolf is engulfed in a cloud of scalding steam.
The wolf bites you but does no damage.
You have reached level 8!
It was a potion of flight.
You feel very buoyant.
You fly up into the air.
The wolf is engulfed in a cloud of scalding steam.
The wolf bites you.
You die...

#............### ,
#..............##
##.........#..... ,
,
#.........##.....,
.., *#...<.##...#
,..# * *
##....#...# ..# ,
** ##.......###
#D.#
.............###..#
...........@h.#..#
* ,
...#########h§...#
, ,
..##.....zW##.[.##,
..#8.#...#Y8#..##,
, , *
.#...#.#...#..# ,
#$........#..., , ,
=...©....#©... ,, ,
......#....> , ,
#.#...#.....,


You could see a yak, 2 wolves, a wight and st0uf2x's ghost.

Vanquished Creatures
  A steam dragon (D:8)
  3 centaurs
  An ogre (D:6)
  A bullfrog (D:7)
  A jelly (D:5)
  An iguana (D:3)
  4 adders (D:3)
  A dart slug (D:1)
  2 orcs (D:3)
  3 endoplasms
  3 giant cockroaches
  2 goblins
  3 hobgoblins
  4 jackals (D:3)
  3 ball pythons
  4 bats
  A frilled lizard (D:1)
  5 kobolds
  2 rats (D:1)
45 creatures vanquished.

Notes
Turn   | Place    | Note
-------+----------+-------------------------------------------
     0 | D:1      | rlgrobin the Meteoran Fighter began the quest for the Orb.
     0 | D:1      | Reached XP level 1. HP: 19/19 MP: 2/2
    90 | D:1      | Reached skill level 3 in Axes
    90 | D:1      | Reached XP level 2. HP: 25/26 MP: 3/3
    92 | D:1      | Found Iceuss's Assorted Antiques.
   264 | D:2      | Reached XP level 3. HP: 31/31 MP: 4/4
   272 | D:2      | Reached skill level 4 in Axes
   296 | D:3      | Reached XP level 4. HP: 18/38 MP: 5/5
   300 | D:3      | Reached skill level 5 in Axes
   396 | D:3      | Reached XP level 5. HP: 45/45 MP: 6/6
   411 | D:3      | Identified the +3 robe of Pumal {rPois Str-3 Int+2 Dex+2}
   491 | D:5      | Entered Level 5 of the Dungeon
   499 | D:5      | Found a staircase to the Ecumenical Temple.
   507 | D:5      | Reached skill level 6 in Axes
   528 | Temple   | Entered the Ecumenical Temple
   528 | Temple   | Found a transporter.
   528 | Temple   | Found a transporter.
   530 | Temple   | Found a transporter.
   530 | Temple   | Found a transporter.
   561 | Temple   | Became a worshipper of Makhleb the Destroyer
   581 | D:5      | Noticed a centaur
   589 | D:5      | Killed a centaur
   590 | D:5      | Reached skill level 7 in Axes
   590 | D:5      | Reached XP level 6. HP: 38/51 MP: 7/7
   618 | D:5      | Noticed a centaur
   626 | D:5      | Killed a centaur
   763 | D:6      | Found a broken altar of Ashenzari.
   766 | D:6      | Noticed a centaur
   778 | D:6      | Noticed an ogre
   783 | D:6      | Killed a centaur
   784 | D:6      | Reached skill level 8 in Axes
   784 | D:6      | Reached XP level 7. HP: 37/57 MP: 8/8
   851 | D:7      | Reached skill level 9 in Axes
   873 | D:8      | Found a transporter.
   873 | D:8      | Noticed st0uf2x's ghost (novice DrTm)
   875 | D:8      | Noticed a yak
   877 | D:8      | Noticed a steam dragon
   893 | D:8      | Killed a steam dragon
   893 | D:8      | HP: 2/57 [wolf[Grum] (5)]
   894 | D:8      | Reached XP level 8. HP: 2/63 MP: 9/9
   894 | D:8      | Slain by a wolf

Illustrated notes

Levels and vault maps discovered:
D:1:      matt_arrival_diagonals, layout_loops_corners, serial_shops,
          nicolae_diamond_shop
D:2:      layout_basic
D:3:      layout_rooms, old_standard_altar, nicolae_yredelemnul_corpse_copse,
          fedhas_altar_fruit_tree, st_stairs_1
D:4:      layout_basic
D:5:      layout_basic, minmay_temple_entry_waves, serial_curves,
          eino_curves_01, eino_curves_01
D:6:      layout_basic, cheibrodos_ashenzari_chains,
          mainiacjoe_overflow_surrounded_room, nicolae_half_adder
D:7:      layout_basic, kennysheep_mini, kiku_gazebo_pond_becter
D:8:      layout_layer_cave, nicolae_overflow_hidden_temple, lair_entry_dummy,
          gammafunk_ghost_arena, hangedman_ranch, uniq_grum
Temple:   hellmonk_temple_divided_pantheon

Skill      XL: |  1  2  3  4  5  6  7 |
---------------+----------------------+-----
Axes           | 3 4 5 7 8 9 |  9.8
Fighting       | |  3.2
Armour         | |  3.6
Shields        | |  3.6

Action                     |  1- 3 |  4- 6 |  7- 9 || total
---------------------------+-------+-------+-------++-------
  Melee: War axe           |    52 |    92 |    19 ||   163
    Use: Potion            |       |     2 |     1 ||     3
 Armour: Scale mail        |    23 |    72 |    12 ||   107
  Dodge: Dodged            |    29 |    49 |     4 ||    82
  Block: Buckler           |    19 |    40 |     4 ||    63

Table legend: (Time is in decaauts)
 A = Elapsed time spent in this place.
 B = Non-inter-level travel time spent in this place.
 C = Inter-level travel time spent in this place.
 D = Time resting spent in this place.
 E = Time spent auto-exploring this place.
 F = Levels seen in this place.
 G = Mean time per level.
                   A        B        C        D        E       F      G
               +--------+--------+--------+--------+--------+-----+--------+
         Total |    935 |    935 |      0 |      0 |      0 |   9 |  103.9 |
       Dungeon |    886 |    886 |      0 |      0 |      0 |   8 |  110.8 |
        Temple |     48 |     48 |      0 |      0 |      0 |   1 |   48.0 |
               +--------+--------+--------+--------+--------+-----+--------+

Top non-repeatable levels by time:
     D:1: 244 daAuts
     D:3: 171 daAuts
     D:6: 130 daAuts
     D:5: 127 daAuts
     D:7: 77 daAuts
     D:4: 59 daAuts
     D:2: 52 daAuts
  Temple: 48 daAuts
     D:8: 24 daAuts
